 Dungeon Crawl Stone Soup version 0.30-a0-702-gdf48620a09 (webtiles) character file.

Game seed: 7251727122441213897

47547 drugrobin the Brawler (level 13, -2/111 HPs)
             Began as a Demigod Delver on Jan 21, 2023.
             Killed from afar by a manticore (18 damage)
             ... with a volley of spikes
             ... on level 5 of the Lair of Beasts.
             The game lasted 00:53:32 (16512 turns).

drugrobin the Brawler (Demigod Delver)             Turns: 16512, Time: 00:53:33

Health: -2/111     AC: 17    Str: 25    XL:     13   Next: 72%
Magic:  16/16      EV:  8    Int: 22    God:
Gold:   1245       SH:  5    Dex: 15    Spells: 12/12 levels left

rFire   . . .      SeeInvis .      - Unarmed
rCold   . . .      Faith    .    k - orb {light}
rNeg    . . .      Spirit   .    e - +2 chain mail of the Wilderness {Regen+}
rPois   .          Reflect  +    x - +0 helmet
rElec   .          Harm     .    (no cloak)
rCorr   +          Rampage  .    Q - +3 pair of gloves "Urap" {rCorr}
Will    +....                    y - +1 pair of boots {Fly} Stlth
                                 r - amulet of reflection
HPRegen 1.18/turn                o - +6 ring of intelligence
MPRegen 0.15/turn                F - ring of resist corrosion

@: about to teleport, spiked, flying, slowed, glowing, very slow
A: high MP 1, forlorn, divine attributes
a: no special abilities


You were on level 5 of the Lair of Beasts.
You visited 3 branches of the dungeon, and saw 17 of its levels.
You also visited: Ossuary and Gauntlet.

You collected 1549 gold pieces.
You spent 304 gold pieces at shops.

Inventory:

Hand Weapons
 b - a +0 sling
 c - a +2 dagger of venom
 K - a +2 war axe of flaming
Missiles
 a - 31 poisoned darts
 j - a throwing net
 W - a boomerang (quivered)
Armour
 e - the +2 chain mail of the Wilderness (worn) {Regen+}
   (You found it on level 5 of the Dungeon)

   Regen:     It increases your rate of health regeneration.
 k - an orb of light (worn)
 x - a +0 helmet (worn)
 y - a +1 pair of boots of flying (worn)
 B - the +5 ring mail of Conscience {rC+}
   (You found it on level 5 of the Lair of Beasts)

   rC:        It protects you from cold.
 P - +0 swamp dragon scales
 Q - the +3 pair of gloves "Urap" (worn) {rCorr}
   (You found it on level 8 of the Dungeon)

   rCorr:     It protects you from acid and corrosion.
 V - a +0 leather armour of fire resistance
Jewellery
 o - a +6 ring of intelligence (left hand)
 r - an amulet of reflection (around neck)
 F - a ring of resist corrosion (right hand)
Wands
 f - a wand of digging (1)
 u - a wand of quicksilver (18)
 D - a wand of paralysis (25)
 G - a wand of polymorph (6)
 M - a wand of flame (15)
 S - a wand of roots (18)
 Z - a wand of mindburst (9)
Scrolls
 d - 9 scrolls of fear
 i - 4 scrolls of vulnerability
 p - 2 scrolls of fog
 q - 8 scrolls of teleportation
 t - 2 scrolls of blinking
 v - 3 scrolls of enchant weapon
 A - a scroll of magic mapping
 C - 2 scrolls of torment
 L - 4 scrolls of immolation
 O - 2 scrolls of summoning
 U - 2 scrolls of poison
Potions
 g - a potion of lignification {unknown}
 h - a potion of flight {unknown}
 l - 12 potions of curing
 m - 4 potions of resistance
 n - a potion of magic {unknown}
 s - 3 potions of brilliance
 w - 5 potions of heal wounds
 z - 4 potions of haste
 H - a potion of cancellation {unknown}
 J - 4 potions of might
 R - a potion of attraction
 T - 2 potions of ambrosia


   Skills:
 * Level 9.3 Fighting
 - Level 1.7 Dodging
 - Level 4.5 Stealth
 + Level 20.1 Unarmed Combat
 - Level 4.0 Evocations


You had 12 spell levels left.
You didn't know any spells.
Your spell library contained the following spells:

 Spells                   Type           Power      Damage    Failure   Level
 Apportation              Tloc           0%         N/A       78%         1
 Necrotise                Necr           0%         1d4       78%         1
 Summon Small Mammal      Summ           0%         N/A       78%         1
 Call Canine Familiar     Summ           0%         N/A       98%         3
 Ozocubu's Armour         Ice            0%         N/A       98%         3
 Portal Projectile        Hex/Tloc       0%         N/A       98%         3
 Summon Guardian Golem    Hex/Summ       0%         N/A       98%         3
 Tukima's Dance           Hex            0%         N/A       98%         3
 Leda's Liquefaction      Hex/Erth       0%         N/A       100%        4
 Passage of Golubria      Tloc           0%         N/A       100%        4
 Metabolic Englaciation   Hex/Ice        0%         N/A       100%        5
 Yara's Violent Unravell  Hex/Tmut       0%         3d3       100%        5
 Simulacrum               Ice/Necr       0%         N/A       100%        6


Dungeon Overview and Level Annotations

Branches:
Dungeon (10/15)            Temple (0/1) D:5            Lair (5/5) D:10
 Shoals (0/4) Lair:2       Spider (0/4) Lair:2          Orc (2/2) D:10
    Elf (0/3) Orc:2       Ossuary (visited)         Gauntlet (visited)
  Slime: Lair:4-5

Shops:
Orc:2 (?:[

Annotations:
D:3 1 runed translucent door, Newt's ghost, amateur DsGl
D:4 1 runed translucent door, baller8008's ghost, amateur AtFi
Lair:1 2 transporters
Lair:4 exclusion: oklob plant
Orc:2 Erolcha


Innate Abilities, Weirdness & Mutations

You have an increased reservoir of magic. (+10% MP)
You shall have no god before yourself.
Your divine heritage dramatically boosts your attributes as you level up.


Message History

Unknown command.
You punch the elephant!
The elephant is moderately wounded.
The elephant tramples you.
You hold your ground!
You block the elephant's attack.
You hit the elephant but do no damage.
The elephant is moderately wounded.
The elephant tramples you!
You hold your ground!
The elephant trunk-slaps you but does no damage.
The torpor snail closely misses you.
You hit the elephant but do no damage.
The elephant is moderately wounded.
The elephant barely misses you.
The elephant trunk-slaps you but does no damage.
You completely miss the elephant.
The elephant is moderately wounded.
The torpor snail barely misses you. The elephant tramples you.
You hold your ground!
The elephant trunk-slaps you.
A manticore comes into view.
Unknown command.
Unknown command.
As you read the scroll of teleportation, it crumbles to dust.
You feel strangely unstable. The elephant barely misses you. x2
The death yak closely misses you. The torpor snail bites you.
Unknown command.
Unknown command.
Unknown command.
Unknown command.
Unknown command.
A death yak comes into view.
The death yak bellows!
The death yak gores you. The death yak gores you!
* * * LOW HITPOINT WARNING * * *
The elephant tramples you!
* * * LOW HITPOINT WARNING * * *
You hold your ground!
You block the elephant's attack.
The manticore flicks its tail.
The volley of spikes hits you!!
The barbed spikes become lodged in your body.
You die...

.....#......#
..##........# ....
..##..#.....# ...#
#####÷..########.Y. #
#P.#...#....H..### ##
##.....#...#.#..P##
.###÷÷....#...#......#
.#.#.#....###†#Y....#
D..####........Y@.#
..#.###..P.....w###
......#####...###
####...# ##### #
##..###.# # #.....P.#
..............
#.....D...###.
#####..#.##


You could see 2 death yaks, an elephant, a torpor snail and a manticore.

Vanquished Creatures
  Kirke (Lair:3)
  3 hydras
  4 ogre magi
  14 two-headed ogres
  A pharaoh ant (Lair:2)
  A lindwurm (Lair:5)
  15 elephants
  8 cane toads
  5 black mambas
  4 rime drakes
  5 komodo dragons
  A yaktaur (Orc:2)
  4 trolls
  A polar bear (Lair:1)
  2 hornets
  11 blink frogs
  2 tarantellas
  6 dream sheep (Lair:5)
  6 flying skulls (Gauntlet)
  A jumping spider (Lair:2)
  7 shadows
  3 basilisks
  5 wyverns
  A hog (Lair:4)
  27 yaks
  A chaos spawn (Gauntlet)
  2 steam dragons
  Menkaure (D:6)
  2 wargs (Orc:2)
  2 acid dragons
  10 water moccasins
  6 orc warriors
  6 black bears
  An ice beast (D:6)
  8 wolves
  8 centaurs
  19 ogres
  4 kobold brigands
  3 elf zombies (Ossuary)
  8 bullfrogs
  2 gnoll sergeants
  A scorpion (D:4)
  5 wights (D:10)
  An electric eel (D:10)
  4 howler monkeys
  3 centaur zombies (Ossuary)
  9 hounds
  6 human zombies (Ossuary)
  8 orc priests
  A gnoll bouda (D:9)
  An iguana (D:4)
  14 orc wizards
  9 hell rats
  Robin (D:4)
  4 mummies
  25 gnolls
  8 adders
  4 shadow imps
  An ufetubus (D:6)
  A worm (D:2)
  40 orcs
  8 bats
  3 endoplasms
  3 giant cockroaches
  13 goblins
  10 hobgoblins
  2 jackals (D:3)
  4 quokkas
  7 ball pythons
  8 frilled lizards
  22 kobolds
  A rat (D:2)
448 creatures vanquished.

Vanquished Creatures (others)
  A gnoll (Orc:2)
  A bush (Lair:5)
  19 fungi
  31 plants
  2 withered plants (D:3)
54 creatures vanquished.

Grand Total: 502 creatures vanquished

Notes
Turn   | Place    | Note
-------+----------+-------------------------------------------
     0 | D:5      | drugrobin the Demigod Delver began the quest for the Orb.
     0 | D:5      | Reached XP level 1. HP: 18/18 MP: 3/3
    20 | D:5      | Noticed a black bear
    47 | D:5      | Identified the +2 chain mail of the Wilderness {Regen+}
   235 | D:5      | Noticed a water moccasin
   331 | D:4      | Reached skill level 2 in Unarmed Combat
   382 | D:3      | Reached XP level 2. HP: 25/25 MP: 4/4
   407 | D:3      | Reached skill level 3 in Unarmed Combat
   426 | D:3      | Found a transporter.
   428 | D:3      | Found a transporter.
   516 | D:2      | Reached XP level 3. HP: 23/30 MP: 5/5
  1520 | D:2      | Reached skill level 4 in Unarmed Combat
  1634 | D:2      | Reached XP level 4. HP: 35/37 MP: 6/6
  2000 | D:3      | Found a runed translucent door.
  2001 | D:3      | Noticed Newt's ghost (amateur DsGl)
  2303 | D:4      | Reached skill level 5 in Unarmed Combat
  2303 | D:4      | Reached XP level 5. HP: 42/42 MP: 7/7
  2474 | D:4      | Noticed Robin
  2520 | D:4      | Killed Robin
  2785 | D:4      | Identified the ring "Qargh" {rF- MP+9 EV+5 Int+7}
  2799 | D:4      | Reached skill level 6 in Unarmed Combat
  2819 | D:4      | Reached XP level 6. HP: 40/50 MP: 8/8
  2961 | D:4      | Found a runed translucent door.
  2983 | D:4      | Noticed baller8008's ghost (amateur AtFi)
  3475 | D:5      | Reached skill level 7 in Unarmed Combat
  3489 | D:5      | Found a staircase to the Ecumenical Temple.
  3635 | D:5      | Reached XP level 7. HP: 56/56 MP: 9/9
  3832 | D:5      | Reached skill level 8 in Unarmed Combat
  4353 | D:6      | Noticed Menkaure
  4366 | D:6      | Killed Menkaure
  4367 | D:6      | Reached skill level 9 in Unarmed Combat
  4727 | D:6      | Reached XP level 8. HP: 56/62 MP: 10/10
  5396 | D:7      | Reached skill level 10 in Unarmed Combat
  5456 | D:6      | HP: 3/62 [orc warrior/+0 scimitar (8)]
  5847 | D:7      | Reached skill level 1 in Evocations
  6066 | D:7      | Reached skill level 11 in Unarmed Combat
  6916 | D:8      | Noticed Maggie
  6926 | D:8      | Reached XP level 9. HP: 51/68 MP: 11/11
  6929 | D:8      | Maggie changed into Maggie the basilisk
  6929 | D:8      | Noticed Maggie
  6944 | D:8      | Killed Maggie the basilisk
  7102 | D:8      | Identified the +3 pair of gloves "Urap" {rCorr}
  7118 | D:8      | Found a sand-covered staircase.
  7127 | Ossuary  | Entered an ossuary
  7185 | Ossuary  | Reached skill level 12 in Unarmed Combat
  7906 | D:8      | Found Zin's Purification Station.
  7914 | D:8      | Bought a potion of curing for 90 gold pieces
  8134 | D:9      | Reached skill level 13 in Unarmed Combat
  8141 | D:9      | Reached XP level 10. HP: 56/74 MP: 13/13
  9070 | D:10     | Entered Level 10 of the Dungeon
  9070 | D:10     | Found a staircase to the Orcish Mines.
  9138 | D:10     | Paralysed by a hornet for 3 turns
  9144 | D:9      | Reached skill level 14 in Unarmed Combat
  9562 | D:10     | Found a staircase to the Lair.
  9684 | D:10     | Noticed a two-headed ogre
  9697 | D:10     | Killed a two-headed ogre
  9698 | D:10     | Reached skill level 15 in Unarmed Combat
  9954 | Orc:1    | Entered Level 1 of the Orcish Mines
  9971 | Orc:1    | Reached XP level 11. HP: 81/81 MP: 14/14
 10210 | Orc:2    | Entered Level 2 of the Orcish Mines
 10330 | Orc:2    | Found a staircase to the Elven Halls.
 10510 | Orc:2    | Noticed an ogre mage
 10537 | Orc:2    | Paralysed by an ogre mage for 3 turns
 10546 | Orc:2    | Killed an ogre mage
 10567 | Orc:2    | Noticed a two-headed ogre
 10571 | Orc:2    | Noticed a two-headed ogre
 10610 | Orc:1    | Killed a two-headed ogre
 10664 | Orc:2    | Killed a two-headed ogre
 10665 | Orc:2    | Reached skill level 16 in Unarmed Combat
 10703 | Orc:2    | Noticed an ogre mage
 10731 | Orc:1    | Killed an ogre mage
 10785 | Orc:2    | Noticed a two-headed ogre
 10796 | Orc:2    | Noticed a two-headed ogre
 10798 | Orc:2    | Killed a two-headed ogre
 10842 | Orc:2    | Killed a two-headed ogre
 10851 | Orc:2    | Noticed a two-headed ogre
 10853 | Orc:2    | Noticed a two-headed ogre
 10866 | Orc:2    | Killed a two-headed ogre
 10909 | Orc:2    | Reached skill level 17 in Unarmed Combat
 10945 | Orc:2    | Noticed a two-headed ogre
 11060 | Orc:1    | Killed a two-headed ogre
 11187 | Orc:2    | Noticed a two-headed ogre
 11201 | Orc:2    | Killed a two-headed ogre
 11244 | Orc:2    | Noticed a two-headed ogre
 11252 | Orc:2    | Noticed a two-headed ogre
 11262 | Orc:2    | Killed a two-headed ogre
 11269 | Orc:2    | Killed a two-headed ogre
 11292 | Orc:2    | Noticed an ogre mage
 11306 | Orc:2    | Killed an ogre mage
 11402 | Orc:2    | Noticed a two-headed ogre
 11416 | Orc:2    | Killed a two-headed ogre
 11417 | Orc:2    | Reached XP level 12. HP: 80/91 MP: 15/15
 11489 | Orc:2    | Noticed an ogre mage
 11509 | Orc:2    | Killed an ogre mage
 11582 | Orc:2    | Reached skill level 18 in Unarmed Combat
 11617 | Orc:2    | Found Taozoucw's Book Emporium.
 11617 | Orc:2    | Found Xotolo's Antique Armour Shop.
 11618 | Orc:2    | Found Fiplareh's Antique Weapon Boutique.
 11618 | Orc:2    | Found Umuesosi's Magic Scroll Emporium.
 11627 | Orc:2    | Bought a scroll of noise for 11 gold pieces
 11627 | Orc:2    | Bought a scroll of teleportation for 33 gold pieces
 11627 | Orc:2    | Bought a scroll of summoning for 104 gold pieces
 11627 | Orc:2    | Bought a scroll of immolation for 44 gold pieces
 11627 | Orc:2    | Bought a scroll of identify for 22 gold pieces
 11639 | Orc:2    | Noticed Erolcha
 11730 | Lair:1   | Entered Level 1 of the Lair of Beasts
 11740 | Lair:1   | Found a gate leading to a gauntlet.
 11755 | Gauntlet | Entered a Gauntlet
 11755 | Gauntlet | Found a transporter.
 11762 | Gauntlet | Found a transporter.
 11764 | Gauntlet | Found a transporter.
 11775 | Gauntlet | Found a transporter.
 11778 | Gauntlet | Found a transporter.
 11787 | Gauntlet | Found a transporter.
 11802 | Gauntlet | Found a runed translucent door.
 11803 | Gauntlet | Found a transporter.
 11804 | Gauntlet | Found a runed translucent door.
 11814 | Gauntlet | Found a transporter.
 11824 | Gauntlet | Noticed a dire elephant
 11826 | Gauntlet | Found a transporter.
 11831 | Gauntlet | Found a transporter.
 11831 | Gauntlet | Found a transporter.
 11859 | Gauntlet | Found a transporter.
 11859 | Gauntlet | Found a transporter.
 11911 | Gauntlet | Found a transporter.
 12123 | Gauntlet | Reached skill level 5 in Fighting
 12226 | Gauntlet | Identified the +3 demon trident of a sewer {flame, rPois}
 12310 | Gauntlet | Identified the amulet "Pashretai" {Faith rPois}
 12333 | Gauntlet | Identified the +5 dagger "Guges" {venom, Dex+3}
 12333 | Gauntlet | Noticed a minotaur
 12344 | Gauntlet | Identified the -1 cloak "Nunlill" {rN+}
 12608 | Lair:1   | Identified the +1 ring mail "Qagejim" {Int+3}
 12983 | Lair:1   | Found a transporter.
 12988 | Lair:1   | Found a transporter.
 13028 | Lair:1   | Identified the +0 ring mail "Uddunkuto" {Will+ Dex+4}
 13616 | Lair:2   | Found a hole to the Spider Nest.
 13745 | Lair:2   | Found a staircase to the Shoals.
 13772 | Lair:2   | Noticed a seven-headed hydra
 13779 | Lair:2   | Killed a seven-headed hydra
 14137 | Lair:3   | Noticed a five-headed hydra
 14151 | Lair:3   | Reached skill level 19 in Unarmed Combat
 14433 | Lair:3   | Killed a five-headed hydra
 14434 | Lair:3   | Reached XP level 13. HP: 82/104 MP: 16/16
 15530 | Lair:4   | Noticed Kirke
 15632 | Lair:3   | Noticed a sphinx
 15632 | Lair:3   | Killed Kirke
 15633 | Lair:3   | Reached skill level 20 in Unarmed Combat
 16097 | Lair:5   | Entered Level 5 of the Lair of Beasts
 16189 | Lair:5   | Identified the +5 ring mail of Conscience {rC+}
 16512 | Lair:5   | Killed from afar by a manticore

Illustrated notes

Levels and vault maps discovered:
D:1:      dpeg_arrival_tiny_a, layout_loops_ring, minmay_heptomino_h4
D:2:      layout_loops_ring, lightli_corner_chamber
D:3:      gammafunk_wand_slinger, layout_rooms, mainiacjoe_overflow_alcove_2,
          hellmonk_ecumenical_altar_lost_god, gammafunk_ghost_grave,
          dreamdust_wishing_well
D:4:      layout_loops_corners, ebering_ghost_reflecting_pool,
          dreamdust_gnoll_farm, uniq_robin
D:5:      layout_basic, minmay_temple_entry_enclosed_plants, lightli_minifort
D:6:      layout_basic, uniq_menkaure
D:7:      layout_gridville, mainiacjoe_overflow_small_starburst,
          hangedman_abyss_or_decor_stabs, chequers_serial_rivers_micro_e
D:8:      layout_basic, chequers_temple_overflow_statue_of_worship,
          lemuel_coloured_pillars_altar, zin_purify, nzn_wu_jian_council_hall,
          gup_ossuary_entry_pyramid, uniq_maggie
D:9:      layout_basic, mainiacjoe_overflow_alcove_1,
          mainiacjoe_overflow_catwalk_spiral
D:10:     layout_cave_pools, erik_lair_island,
          amcnicky_mini_rare_corridor_liquid
Lair:1:   layout_chaotic_city, gammafunk_ghost_hive, gauntlet_entry_generic
Lair:2:   layout_gridlike, minmay_shoals_entry_centaurs,
          nicolae_spider_entry_lesser_pyramids, patterned_corridor,
          infiniplex_staircase_pool
Lair:3:   layout_long_grid, basic_altar
Lair:4:   layout_hall_layers, minmay_slime_entry_oklob_enclosed,
          infiniplex_staircase_pool_2, lemuel_fruit_tree, lemuel_fruit_fields,
          uniq_kirke
Lair:5:   guppyfry_lair_end_dragon, layout_loops_ring, hangedman_lair_in_review,
          lookout_lair_type, minmay_hedge_maze
Orc:1:    layout_caves
Orc:2:    st_orc_ogre_mass, layout_caves, basic_altar, uniq_erolcha

Skill      XL: |  1  2  3  4  5  6  7  8  9 10 11 12 13 |
---------------+----------------------------------------+-----
Unarmed Combat | 2 3 4 5 6 7 9 11 13 15 17 19 20 | 20.1
Evocations     | 2 4 |  4.0
Fighting       | 3 6 9 |  9.3
Dodging        | |  1.7
Stealth        | |  4.5

Action                   |  1- 3 |  4- 6 |  7- 9 | 10-12 | 13-15 || total
-------------------------+-------+-------+-------+-------+-------++-------
Melee: Unarmed           |   162 |   248 |   408 |   601 |   287 ||  1706
       Punch             |     5 |    14 |    25 |    16 |       ||    60
       Dagger            |       |       |       |     2 |       ||     2
 Fire: Sling             |     4 |     6 |       |     1 |       ||    11
Throw: Dart              |       |    29 |    27 |    10 |       ||    66
       Throwing net      |       |     2 |       |     2 |     1 ||     5
       Boomerang         |       |       |       |    65 |     3 ||    68
Evoke: Wand              |     2 |       |    20 |    19 |     1 ||    42
  Use: Scroll            |     1 |       |     2 |    10 |     5 ||    18
       Potion            |     1 |       |       |     2 |       ||     3
 Stab: Paralysed         |       |       |     6 |     6 |       ||    12
       Held in net/web   |       |       |       |     2 |     2 ||     4
Armor: Chain mail        |   103 |   127 |   179 |   273 |   146 ||   828
       Leather armour    |     1 |       |       |       |       ||     1
Dodge: Dodged            |    78 |    68 |   114 |   192 |    79 ||   531
Block: Orb               |       |       |       |    40 |    61 ||   101
       Reflection        |       |       |       |     3 |       ||     3

Table legend: (Time is in decaauts)
 A = Elapsed time spent in this place.
 B = Non-inter-level travel time spent in this place.
 C = Inter-level travel time spent in this place.
 D = Time resting spent in this place.
 E = Time spent auto-exploring this place.
 F = Levels seen in this place.
 G = Mean time per level.
                   A        B        C        D        E       F      G
               +--------+--------+--------+--------+--------+-----+--------+
         Total |  16161 |  15397 |    764 |   1479 |   8934 |  19 |  850.6 |
       Dungeon |   9614 |   9086 |    528 |    608 |   5798 |  10 |  961.4 |
          Lair |   4044 |   3877 |    167 |    447 |   2236 |   5 |  808.8 |
  Orcish Mines |   1728 |   1660 |     68 |    319 |    624 |   2 |  864.0 |
       Ossuary |    186 |    186 |      0 |      0 |     69 |   1 |  186.0 |
      Gauntlet |    587 |    587 |      0 |    104 |    207 |   1 |  587.0 |
               +--------+--------+--------+--------+--------+-----+--------+

Top non-repeatable levels by time:
     D:9: 1440 daAuts
     D:4: 1305 daAuts
     D:6: 1291 daAuts
   Orc:2: 1162 daAuts
     D:5: 1159 daAuts
  Lair:3: 1035 daAuts
  Lair:1: 989 daAuts
     D:7: 971 daAuts
  Lair:4: 837 daAuts
     D:8: 819 daAuts
  Lair:2: 801 daAuts
     D:3: 749 daAuts
     D:2: 691 daAuts
     D:1: 668 daAuts
Gauntlet: 587 daAuts
